 Dungeon Crawl Stone Soup version 0.27.1-35-g4d5d836560 (webtiles) character file.

Game seed: 1307459027953762951

5558 Froggeryz the Slicer (level 10, -2/66 HPs)
             Began as an Octopode Berserker on Sept 21, 2022.
             Was an Elder of Trog.
             Slain by a tengu warrior (7 damage)
             ... on level 7 of the Dungeon.
             The game lasted 00:10:10 (12948 turns).

Froggeryz the Slicer (Octopode Berserker)          Turns: 12948, Time: 00:10:10

Health: -2/66      AC:  2    Str: 17    XL:     10   Next: 71%
Magic:  10/10      EV: 15    Int:  9    God:    Trog [****..]
Gold:   440        SH:  0    Dex: 15    Spells: 9/9 levels left

rFire    + . .     SeeInvis .   A - +1 dagger (venom)
rCold    . . .     Faith    .   (no shield)
rNeg     . . .     Spirit   .   c - +1 hat
rPois    .         Reflect  .   B - amulet of magic regeneration
rElec    .         Harm     .   e - ring of protection from fire
rCorr    .         Rampage  .   (no ring)
Will     .....                  (no ring)
Stlth    +++++.....             (no ring)
HPRegen  0.21/turn              (no ring)
MPRegen  0.37/turn              (no ring)
                                (no ring)
                                (no ring)

@: about to teleport
A: almost no armour, amphibious, 8 rings, camouflage 1, gelatinous body 1,
(nimble swimmer 1), tentacles
a: Renounce Religion, Berserk, Trog's Hand, Brothers in Arms


You were on level 7 of the Dungeon.
You worshipped Trog.
Trog was greatly pleased with you.
You visited 2 branches of the dungeon, and saw 10 of its levels.

You collected 590 gold pieces.
You spent 150 gold pieces at shops.

Inventory:

Hand Weapons
 A - a +1 dagger of venom (weapon)
 D - the +8 arc blade {discharge, rElec}
   (You found it on level 8 of the Dungeon)

   It occasionally unleashes powerful arcs of lightning upon striking a foe.
   These may arc to other adjacent creatures (including the wielder, but dealing
   reduced damage to them) before grounding out.
   rElec:     It insulates you from electricity.
Missiles
 f - 10 boomerangs
 j - 4 javelins
 l - a throwing net
 x - 12 poisoned darts (quivered)
 C - 3 boomerangs of dispersal
Armour
 c - a +1 hat (worn)
Jewellery
 e - a ring of protection from fire (left tentacle)
 B - an amulet of magic regeneration (around mantle)
Wands
 m - a wand of polymorph (11)
 n - a wand of acid (9)
 y - a wand of iceblast (6)
Scrolls
 a - a scroll of summoning {unknown}
 d - 3 scrolls of blinking
 o - a scroll of enchant armour
 r - a scroll of teleportation
 s - a scroll of magic mapping {unknown}
 t - 2 scrolls of immolation
 v - a scroll of holy word {unknown}
 z - 3 scrolls of identify
Potions
 b - 3 potions of cancellation
 g - a potion of mutation {unknown}
 h - a potion of invisibility {unknown}
 i - a potion of lignification {unknown}
 k - 2 potions of heal wounds
 q - a potion of curing
 u - a potion of berserk rage {unknown}
 w - a potion of brilliance {unknown}
Miscellaneous
 p - a phial of floods


   Skills:
 + Level 5.3 Fighting
 - Level 12.2 Short Blades
 - Level 5.3 Throwing
 + Level 5.0 Dodging
 + Level 7.7 Stealth


You had 9 spell levels left.
You didn't know any spells.
Your spell library was empty.

Dungeon Overview and Level Annotations

Branches:
Dungeon (9/15)             Temple (1/1) D:6
   Lair: D:8-11         Orc: D:9-12

Altars:
Hepliaklqana
Nemelex Xobeh
Okawaru
Qazlal
Yredelemnul
Zin
Beogh

Shops:
D:4 *   D:7 (

Annotations:
D:3 1 runed translucent door, makewrite's ghost, novice HOFi
D:6 4 runed translucent doors
D:9 Prince Ribbit


Innate Abilities, Weirdness & Mutations

You cannot wear most types of armour.
You are amphibious.
You can wear up to eight rings at the same time.
Your skin changes colour to match your surroundings (Stealth+).
Your rubbery body absorbs attacks. (AC +1, EV +1)
((You are camouflaged near water. (Stealth+)))
You have tentacles for arms and can constrict up to eight enemies at once.


Message History

A sky beast and a tengu warrior come into view.
A troll comes into view.
The tengu warrior shouts!
The helpless slime creature fails to defend itself.
You skewer the slime creature like a kebab!!!!
You kill the slime creature!
Trog accepts your kill.
Found a stone staircase leading up.
You see here 25 gold pieces.
You see here the +8 arc blade {discharge, rElec}.
D - the +8 arc blade {discharge, rElec} You see here 8 gold pieces.
The helpless troll fails to defend itself.
You perforate the troll like a sieve!!!!
You kill the troll!
Trog accepts your kill.
Your Dodging skill increases to level 5!
The sky beast hits you. The sky beast shocks you.
The tengu warrior completely misses you.
The tengu warrior pecks you.
The tengu warrior completely misses you.
A vampire mosquito and a two-headed ogre come into view.
The sky beast hits you. The sky beast shocks you.
The sky beast flickers out of sight!
Deactivating autopickup; reactivate with Ctrl-A.
There is a stone staircase leading up here.
The tengu warrior hits you with a +2 war axe!
The tengu warrior misses you. The tengu warrior claws you.
A sky beast appears from thin air!
Reactivating autopickup.
You climb upwards.
There is a stone staircase leading down here.
As you read the scroll of teleportation, it crumbles to dust.
You feel strangely unstable.
The tengu warrior hits you with a +2 war axe!!
* * * LOW HITPOINT WARNING * * *
The tengu warrior pecks you.
* * * LOW HITPOINT WARNING * * *
The tengu warrior claws you!
You die...

.# #).#.#...(.(# #.##.# ##
#..#.∩.(....# #.##.#
#..#.#....((# #.##.#
#....######## #.##.#
##.#.....# #.##.# #.#######
#.##.# #.# #.##.# #.#
###############.##.# #.#
#....@Q............#
#####.#
#.##########....####
......######.# #.####
####.......#.# #.#
#.#####.#.# ####.#########
#.#####.#.# #............#
#.......#.# #.##.#######.#
####.#######.# #.##.# #.#
......######.#######.##.###
#.#


You could see a tengu warrior.

Vanquished Creatures
  A two-headed ogre (D:9)
  A troll (D:8)
  A slime creature (D:8)
  Sigmund (D:2)
  A yak (D:6)
  A vampire mosquito (D:6)
  5 sky beasts
  3 black bears
  A necrophage (D:7)
  5 orc warriors
  An ogre (D:3)
  4 centaurs
  A phantom (D:7)
  3 kobold brigands
  4 scorpions
  4 bullfrogs
  A wyvern zombie (D:8)
  2 water moccasin skeletons (D:6)
  7 killer bees
  4 wights (D:7)
  4 howler monkeys
  3 centaur zombies
  A bullfrog zombie (D:5)
  A bullfrog skeleton (D:6)
  3 jellies
  Crazy Yiuf (D:3)
  A gnoll shaman (D:5)
  2 orc priests
  2 centaur skeletons
  4 iguanas
  2 orc wizards
  A killer bee zombie (D:6)
  A hound zombie (D:5)
  A howler monkey zombie (D:5)
  9 gnolls
  An adder (D:2)
  3 shadow imps
  An ufetubus (D:5)
  2 dart slugs
  41 orcs
  5 ball pythons
  5 bats
  9 endoplasms
  3 giant cockroaches
  7 goblins
  6 hobgoblins
  2 jackals (D:2)
  15 kobolds
  3 training dummies (D:7)
  A frilled lizard (D:2)
  6 rats
197 creatures vanquished.

Vanquished Creatures (others)
  3 withered plants (D:2)
3 creatures vanquished.

Grand Total: 200 creatures vanquished

Notes
Turn   | Place    | Note
-------+----------+-------------------------------------------
     0 | D:1      | Froggeryz the Octopode Berserker began the quest for the
                  | Orb.
     0 | D:1      | Reached XP level 1. HP: 16/16 MP: 1/1
   162 | D:1      | Reached XP level 2. HP: 21/21 MP: 2/2
   872 | D:2      | Reached XP level 3. HP: 20/26 MP: 3/3
   949 | D:2      | Found a faded altar of an unknown god.
  1067 | D:2      | Noticed a scorpion
  1140 | D:2      | Killed a scorpion
  1141 | D:2      | Reached skill level 4 in Short Blades
  1141 | D:2      | Reached XP level 4. HP: 33/33 MP: 4/4
  1660 | D:2      | Reached ** piety under Trog
  1765 | D:2      | Noticed Sigmund
  2027 | D:2      | Killed Sigmund
  2028 | D:2      | Reached skill level 5 in Short Blades
  2028 | D:2      | Reached XP level 5. HP: 38/38 MP: 5/5
  2028 | D:2      | Reached XP level 6. HP: 44/44 MP: 6/6
  2362 | D:3      | Noticed makewrite's ghost (novice HOFi)
  2373 | D:3      | Found a runed translucent door.
  2513 | D:3      | Reached skill level 6 in Short Blades
  2642 | D:3      | Found a runed translucent door.
  2643 | D:3      | Noticed Crazy Yiuf
  2681 | D:3      | Found an iron altar of Okawaru.
  3393 | D:3      | Killed Crazy Yiuf
  3493 | D:4      | Found Yrebeida's General Store.
  3508 | D:4      | Bought 2 scrolls of blinking for 150 gold pieces
  3872 | D:4      | Reached skill level 5 in Fighting
  3872 | D:4      | Reached XP level 7. HP: 42/50 MP: 7/7
  3983 | D:4      | Found a sparkling altar of Nemelex Xobeh.
  4288 | D:4      | Reached skill level 1 in Throwing
  4526 | D:5      | Entered Level 5 of the Dungeon
  4616 | D:5      | Reached skill level 7 in Short Blades
  5503 | D:5      | Reached XP level 8. HP: 32/55 MP: 8/8
  5513 | D:5      | Reached skill level 8 in Short Blades
  5920 | D:5      | Found a hazy altar of Hepliaklqana.
  6435 | D:6      | Found a staircase to the Ecumenical Temple.
  6484 | D:6      | Reached skill level 9 in Short Blades
  6491 | Temple   | Entered the Ecumenical Temple
  6626 | D:6      | Found a glowing silver altar of Zin.
  6962 | D:6      | Found a large runed translucent door.
  6963 | D:6      | Found a large runed translucent door.
  6965 | D:6      | Noticed a troll
  6976 | D:6      | Found a large runed translucent door.
  6976 | D:6      | Found a large runed translucent door.
  6987 | D:6      | Reached XP level 9. HP: 55/61 MP: 9/9
  7053 | D:6      | Reached skill level 5 in Throwing
  7060 | D:6      | Reached skill level 10 in Short Blades
  7067 | D:6      | Reached *** piety under Trog
  7567 | D:6      | HP: 3/91 [something (6)]
  7571 | D:6      | Reached skill level 1 in Stealth
  8757 | D:7      | Reached skill level 11 in Short Blades
  8782 | D:7      | Found Wulaakkurya's Firing Range.
  9316 | D:7      | Reached skill level 5 in Stealth
  9662 | D:8      | Reached XP level 10. HP: 35/66 MP: 10/10
 10392 | D:8      | Identified the +6 whip of Imbalance {drain, rN+ Str+2 Dex-2
                  | Stlth+}
 10980 | D:9      | Noticed a two-headed ogre
 10989 | D:9      | Killed a two-headed ogre
 10989 | D:9      | Reached **** piety under Trog
 10990 | D:9      | Reached skill level 12 in Short Blades
 12224 | D:9      | Noticed Prince Ribbit
 12920 | D:8      | Found the +8 arc blade {discharge, rElec}
 12925 | D:8      | Noticed a tengu warrior
 12938 | D:8      | Reached skill level 5 in Dodging
 12939 | D:8      | Noticed a two-headed ogre
 12948 | D:7      | Slain by a tengu warrior

Illustrated notes

Levels and vault maps discovered:
D:1:      lemuel_arrival_lava_pool, layout_loops_ring
D:2:      layout_loops_ring, serial_co_window_serial,
          co_window_of_opportunity_a, co_window_paths_b,
          co_window_of_opportunity_a, co_window_of_opportunity_a,
          co_window_cross_1, co_window_corner_b, co_window_corner_b,
          co_window_2corner, co_window_cross_2, co_window_of_opportunity_b,
          co_window_broadway_b, co_window_sun, glass_columns_c, glass_columns_b,
          glass_columns_b, glass_columns_a, ebering_ecumenical_altar_petrified,
          uniq_sigmund
D:3:      minmay_chambers_of_twos, layout_loops_ring,
          mainiacjoe_overflow_alcove_1, hellmonk_ghost_happy_afterlife,
          kennysheep_another_room, hangedman_decor_points,
          minmay_misc_feat_tower, uniq_crazy_yiuf_cottage
D:4:      layout_loops_corners, nemelex_xobeh_ov_fountains_minmay, serial_shops,
          shop_fountains, minmay_small_thing
D:5:      layout_gridville, mainiacjoe_overflow_boulevard
D:6:      layout_loops_ring, zin_academy, temple_green, minivault_1,
          grunt_ministairs_9, minmay_hollow_rounded_squares
D:7:      layout_loops_ring, nicolae_shop_firing_range
D:8:      cheibrodos_elevator_heist, layout_loops_ring
D:9:      layout_roguey [special_room_orc], uniq_prince_ribbit1
Temple:   compressed_dpeg_circular_temple

Skill      XL: |  1  2  3  4  5  6  7  8  9 10 |
---------------+-------------------------------+-----
Short Blades   | 4 5 6 7 9 11 12 | 12.2
Fighting       | 4 5 |  5.3
Throwing       | 2 4 5 |  5.3
Stealth        | 5 7 |  7.7
Dodging        | 5 |  5.0

Action                   |  1- 3 |  4- 6 |  7- 9 | 10-12 || total
-------------------------+-------+-------+-------+-------++-------
Melee: Short sword       |    44 |    86 |   318 |    25 ||   473
       Constrict         |    10 |    23 |    46 |    40 ||   119
       Tentacles         |     8 |    15 |    82 |    45 ||   150
       Dagger            |       |       |       |   137 ||   137
Throw: Boomerang         |       |       |     7 |       ||     7
Invok: Berserk           |       |     3 |     8 |     2 ||    13
       Trog's Hand       |       |     1 |       |       ||     1
  Use: Scroll            |       |     3 |     3 |     1 ||     7
       Potion            |       |       |     1 |       ||     1
 Stab: Sleeping          |     3 |     2 |    11 |     9 ||    25
       Distracted        |       |     2 |       |     1 ||     3
Armor: Skin              |     3 |    14 |    21 |    14 ||    52
Dodge: Dodged            |    23 |    53 |   166 |    98 ||   340
